MLB
LOS ANGELES DODGERS @ PITTSBURGH PIRATES
09/19/2098
 
TOP OF THE 1ST
Los Angeles Dodgers batting - Pitching for Pittsburgh Pirates : RHP Bobby Keever
Pitching: RHP Bobby Keever
Batting: LHB Joel Holden 0-0: Foul Ball, location: 2F
0-1: Called Strike
0-2: SINGLE (Groundball, 6MD, EV 96.9 MPH)
Batting: RHB Dan Boyd 0-0: Sac Bunt to 23 - play at first, batter OUT! 3-4
Joel Holden to second
Batting: RHB Brad Horwath 0-0: Ball
1-0: Fly out, F4 (Popup, 4D, EV 68.1 MPH)
Batting: LHB Jose Camacho 0-0: Ball
1-0: Called Strike
1-1: Ground out U3 (Groundball, 3, EV 107.5 MPH)
Top of the 1st over - 0 runs, 1 hit, 0 errors, 1 left on base; Los Angeles 0 - Pittsburgh 0
BOTTOM OF THE 1ST
Pittsburgh Pirates batting - Pitching for Los Angeles Dodgers : RHP Reynaldo Coronado
Pitching: RHP Reynaldo Coronado
Batting: SHB Nick Stiles 0-0: Called Strike
0-1: Called Strike
0-2: Ground out 3-1 (Groundball, 34, EV 103.1 MPH)
Batting: RHB Randy Wilson 0-0: Ball
1-0: Called Strike
1-1: Foul Ball, location: 23FF
1-2: Foul Ball, location: 2F
1-2: Strikes out swinging
Batting: RHB Zachary Gugliotta 0-0: Ball
1-0: Called Strike
1-1: Foul Ball, location: 2F
1-2: Ball
2-2: Ground out 4-3 (Groundball, 4, EV 81.9 MPH)
Bottom of the 1st over - 0 runs, 0 hits, 0 errors, 0 left on base; Los Angeles 0 - Pittsburgh 0
TOP OF THE 2ND
Los Angeles Dodgers batting - Pitching for Pittsburgh Pirates : RHP Bobby Keever
Batting: LHB Eddy Miramontes 0-0: Swinging Strike
0-1: Foul Ball, location: 7LSF
0-2: Ball
1-2: DOUBLE (Line Drive, 89D, EV 107.5 MPH)
Batting: LHB Greg Thompson 0-0: Ball
1-0: Called Strike
1-1: Called Strike
1-2: Ball
2-2: Strikes out swinging
Batting: LHB Mike Jessie 0-0: Ground out 6-3 (Groundball, 6S, EV 87.5 MPH)
Batting: RHB Chris Rodriguez 0-0: Ball
1-0: Foul Ball, location: 2F
1-1: Foul Ball, location: 2F
1-2: Reached on error, E5 (Groundball, 56S, EV 71.3 MPH)
Batting: SHB Jason Avsar 0-0: Called Strike
0-1: Foul Ball, location: 7LDF
0-2: Fly out, F7 (Line Drive, 7D, EV 87.5 MPH)
Top of the 2nd over - 0 runs, 1 hit, 1 error, 2 left on base; Los Angeles 0 - Pittsburgh 0
BOTTOM OF THE 2ND
Pittsburgh Pirates batting - Pitching for Los Angeles Dodgers : RHP Reynaldo Coronado
Batting: SHB Jamie Hoffman 0-0: Called Strike
0-1: Ball
1-1: DOUBLE (Line Drive, 89D, EV 95.0 MPH)
Batting: RHB Nate D'Acquisto 0-0: Ball
1-0: Ball
2-0: Ground out 5-3 (Groundball, 5, EV 77.5 MPH)
Batting: RHB Carlos Flores 0-0: Ball
1-0: Ball
2-0: Ground out U3 (Groundball, 13, EV 91.9 MPH)
Jamie Hoffman to third
Batting: LHB Todd Schuller 0-0: Foul Ball, location: 23F
0-1: Ball
1-1: Swinging Strike
1-2: Strikes out swinging
Bottom of the 2nd over - 0 runs, 1 hit, 0 errors, 1 left on base; Los Angeles 0 - Pittsburgh 0
TOP OF THE 3RD
Los Angeles Dodgers batting - Pitching for Pittsburgh Pirates : RHP Bobby Keever
Batting: LHB Joel Holden 0-0: Ball
1-0: DOUBLE (Line Drive, 8LXD, EV 100.6 MPH)
Batting: RHB Dan Boyd 0-0: Ball
1-0: Fly out, F4 (Popup, 34S, EV 81.3 MPH)
Batting: RHB Brad Horwath 0-0: Called Strike
0-1: Foul Ball, location: 7LMF
0-2: Foul Ball, location: 2RF
0-2: Ball
1-2: Ball
2-2: SINGLE (Line Drive, 89S, EV 99.4 MPH)
Joel Holden to third
Batting: LHB Jose Camacho 0-0: Called Strike
0-1: Swinging Strike
0-2: Hit by Pitch
Brad Horwath to second
Batting: LHB Eddy Miramontes 0-0: Fielders Choice at 2nd, 3-6 (Groundball, 34, EV 86.3 MPH)
Joel Holden scores
Brad Horwath to third
Batting: LHB Greg Thompson 0-0: Ball
1-0: Called Strike
1-1: Called Strike
1-2: Strikes out looking
Top of the 3rd over - 1 run, 2 hits, 0 errors, 2 left on base; Los Angeles 1 - Pittsburgh 0
BOTTOM OF THE 3RD
Pittsburgh Pirates batting - Pitching for Los Angeles Dodgers : RHP Reynaldo Coronado
Batting: RHB Verner Johannsen 0-0: Swinging Strike
0-1: Ball
1-1: Ball
2-1: Ball
3-1: Foul Ball, location: 2F
3-2: DOUBLE (Line Drive, 8RD, EV 110.0 MPH)
Batting: RHB Alejandro Reyes 0-0: Swinging Strike
0-1: Foul Ball, location: 9LSF
0-2: Strikes out swinging
Batting: SHB Nick Stiles 0-0: Ball
1-0: Called Strike
1-1: Called Strike
1-2: Fly out, F9 (Flyball, 9, EV 93.1 MPH)
Batting: RHB Randy Wilson 0-0: Ball
1-0: Ball
2-0: Swinging Strike
2-1: Ball
3-1: Called Strike
3-2: Foul Ball, location: 2F
3-2: Foul Ball, location: 2F
3-2: Base on Balls
Batting: RHB Zachary Gugliotta 0-0: Ball
1-0: Ball
2-0: 3-RUN HOME RUN (Flyball, 89XD, EV 105.6 MPH), Distance : 411 ft
Batting: SHB Jamie Hoffman 0-0: Called Strike
0-1: Ball
1-1: Swinging Strike
1-2: Ball
2-2: Ground out 4-3 (Groundball, 34, EV 103.1 MPH)
Bottom of the 3rd over - 3 runs, 2 hits, 0 errors, 0 left on base; Los Angeles 1 - Pittsburgh 3
TOP OF THE 4TH
Los Angeles Dodgers batting - Pitching for Pittsburgh Pirates : RHP Bobby Keever
Batting: LHB Mike Jessie 0-0: Called Strike
0-1: Ball
1-1: Foul Ball, location: 7LSF
1-2: Foul Ball, location: 2F
1-2: Strikes out swinging
Batting: RHB Chris Rodriguez 0-0: Called Strike
0-1: Foul Ball, location: 2F
0-2: Strikes out swinging
Batting: SHB Jason Avsar 0-0: Ball
1-0: Foul Ball, location: 7LMF
1-1: Swinging Strike
1-2: Strikes out swinging
Top of the 4th over - 0 runs, 0 hits, 0 errors, 0 left on base; Los Angeles 1 - Pittsburgh 3
BOTTOM OF THE 4TH
Pittsburgh Pirates batting - Pitching for Los Angeles Dodgers : RHP Reynaldo Coronado
Batting: RHB Nate D'Acquisto 0-0: Ground out 4-3 (Groundball, 4S, EV 63.1 MPH)
Batting: RHB Carlos Flores 0-0: Called Strike
0-1: Called Strike
0-2: Strikes out looking
Batting: LHB Todd Schuller 0-0: Swinging Strike
0-1: Fly out, F8 (Flyball, 8LM, EV 88.8 MPH)
Bottom of the 4th over - 0 runs, 0 hits, 0 errors, 0 left on base; Los Angeles 1 - Pittsburgh 3
TOP OF THE 5TH
Los Angeles Dodgers batting - Pitching for Pittsburgh Pirates : RHP Bobby Keever
Batting: LHB Joel Holden 0-0: Foul Ball, location: 7LDF
0-1: Ball
1-1: Ball
2-1: Ball
3-1: Fly out, F9 (Flyball, 9D, EV 83.1 MPH)
Batting: RHB Dan Boyd 0-0: Swinging Strike
0-1: Ball
1-1: Swinging Strike
1-2: Ball
2-2: Ball
3-2: Foul Ball, location: 3F
3-2: Foul Ball, location: 9LDF
3-2: Foul Ball, location: 7LMF
3-2: Strikes out swinging
Batting: RHB Brad Horwath 0-0: Called Strike
0-1: Ball
1-1: Ball
2-1: Ball
3-1: SINGLE (Line Drive, 56D, EV 98.8 MPH)
Batting: LHB Jose Camacho 0-0: Foul Ball, location: 2F
0-1: Foul Ball, location: 7LMF
0-2: Ball
1-2: Foul Ball, location: 2F
1-2: Strikes out looking
Top of the 5th over - 0 runs, 1 hit, 0 errors, 1 left on base; Los Angeles 1 - Pittsburgh 3
BOTTOM OF THE 5TH
Pittsburgh Pirates batting - Pitching for Los Angeles Dodgers : RHP Reynaldo Coronado
Batting: RHB Verner Johannsen 0-0: Ball
1-0: Ball
2-0: SINGLE (Groundball, 3D, EV 109.4 MPH)
Batting: RHB Alejandro Reyes 0-0: Grounds into double play, 5-4-3 (Groundball, 56, EV 106.3 MPH)
Batting: SHB Nick Stiles 0-0: Called Strike
0-1: Ground out 5-3 (Groundball, 15, EV 88.8 MPH)
Bottom of the 5th over - 0 runs, 1 hit, 0 errors, 0 left on base; Los Angeles 1 - Pittsburgh 3
TOP OF THE 6TH
Los Angeles Dodgers batting - Pitching for Pittsburgh Pirates : RHP Bobby Keever
Batting: LHB Eddy Miramontes 0-0: Ball
1-0: Ball
2-0: Ball
3-0: Called Strike
3-1: Foul Ball, location: 2F
3-2: Strikes out looking
Batting: LHB Greg Thompson 0-0: Ball
1-0: Foul Ball, location: 23F
1-1: Called Strike
1-2: Strikes out swinging
Batting: LHB Mike Jessie 0-0: Ball
1-0: Foul Ball, location: 25F
1-1: Called Strike
1-2: Foul Ball, location: 25F
1-2: Strikes out swinging
Top of the 6th over - 0 runs, 0 hits, 0 errors, 0 left on base; Los Angeles 1 - Pittsburgh 3
BOTTOM OF THE 6TH
Pittsburgh Pirates batting - Pitching for Los Angeles Dodgers : RHP Reynaldo Coronado
Batting: RHB Randy Wilson 0-0: Ball
1-0: Ball
2-0: Foul Ball, location: 5F
2-1: Ball
3-1: Foul Ball, location: 2F
3-2: Base on Balls
Batting: RHB Zachary Gugliotta 0-0: Called Strike
0-1: Ball
1-1: Ball
2-1: Ball
3-1: Ground out 6-3 (Groundball, 6, EV 70.6 MPH)
Randy Wilson to second
Pitching: RHP Mike Doe
Batting: SHB Jamie Hoffman 0-0: Ball
1-0: DOUBLE (Flyball, 8RXD, EV 106.3 MPH)
Randy Wilson scores
Batting: RHB Nate D'Acquisto 0-0: Called Strike
0-1: Fly out, F8 (Flyball, 8LXD, EV 96.9 MPH)
Runner from 2nd tags up, SAFE at 3rd, no throw by CF
Batting: RHB Carlos Flores 0-0: Ball
1-0: Ball
2-0: Foul Ball, location: 5SF
2-1: Ground out 1-3 (Groundball, 25, EV 67.5 MPH)
Bottom of the 6th over - 1 run, 1 hit, 0 errors, 1 left on base; Los Angeles 1 - Pittsburgh 4
TOP OF THE 7TH
Los Angeles Dodgers batting - Pitching for Pittsburgh Pirates : RHP Bobby Keever
Pitching: LHP Jo Sealy
Pinch Hitting: RHB John Spohn 0-0: Ball
1-0: Called Strike
1-1: Ball
2-1: Fly out, F8 (Flyball, 8LD, EV 111.3 MPH)
Pinch Hitting: RHB Luis Lozada 0-0: Ball
1-0: Called Strike
1-1: Foul Ball, location: 2F
1-2: Hit by Pitch
Pinch Hitting: RHB Bryan Uplinger 0-0: Called Strike
0-1: Ball
1-1: SINGLE (Line Drive, 78S, EV 96.9 MPH)
Luis Lozada to second
Batting: RHB Dan Boyd 0-0: Ball
1-0: Ball
2-0: Foul Ball, location: 9LDF
2-1: Ball
3-1: Swinging Strike
3-2: Foul Ball, location: 5FF
3-2: SINGLE (Line Drive, 6D, EV 100.0 MPH)
Luis Lozada to third
Bryan Uplinger to second
Pitching: RHP Emilio Rios
Batting: RHB Brad Horwath 0-0: Ball
1-0: Ball
2-0: Ball
3-0: Called Strike
3-1: Base on Balls
Luis Lozada scores
Bryan Uplinger to third
Dan Boyd to second
Batting: LHB Jose Camacho 0-0: Called Strike
0-1: GRAND SLAM HOME RUN (Flyball, 9D, EV 104.4 MPH), Distance : 387 ft
Batting: LHB Eddy Miramontes 0-0: Ball
1-0: Foul Ball, location: 5F
1-1: Swinging Strike
1-2: Ball
2-2: Ball
3-2: Fly out, F8 (Flyball, 8LD, EV 88.1 MPH)
Batting: LHB Greg Thompson 0-0: Ball
1-0: Called Strike
1-1: Ball
2-1: Ball
3-1: Called Strike
3-2: Foul Ball, location: 3FF
3-2: Foul Ball, location: 2F
3-2: Foul Ball, location: 2F
3-2: Foul Ball, location: 7LSF
3-2: DOUBLE (Groundball, 5L, EV 102.5 MPH)
Batting: LHB Mike Jessie 0-0: Ball
1-0: Ball
2-0: Fly out, F5 (Flyball, 5D, EV 94.4 MPH)
Top of the 7th over - 5 runs, 4 hits, 0 errors, 1 left on base; Los Angeles 6 - Pittsburgh 4
BOTTOM OF THE 7TH
Pittsburgh Pirates batting - Pitching for Los Angeles Dodgers : RHP Mike Doe
Pitching: LHP Alex Alcerro
Now at C: Ron Ascencio
Now at 3B: Luis Lozada
Now at SS: Raul Gallegos
Now in LF: Bryan Uplinger
Now in CF: Rodolfo Navarro
Now in RF: John Spohn
Batting: LHB Todd Schuller 0-0: Foul Ball, location: 9LMFF
0-1: Ball
1-1: Ball
2-1: Ball
3-1: Foul Ball, location: 7LDF
3-2: Strikes out swinging
Batting: RHB Verner Johannsen 0-0: Called Strike
0-1: Called Strike
0-2: Strikes out looking
Batting: RHB Alejandro Reyes 0-0: Ball
1-0: Called Strike
1-1: Foul Ball, location: 5FF
1-2: Foul Ball, location: 5F
1-2: Ball
2-2: Fly out, F3 (Popup, 3F, EV 54.4 MPH)
Bottom of the 7th over - 0 runs, 0 hits, 0 errors, 0 left on base; Los Angeles 6 - Pittsburgh 4
TOP OF THE 8TH
Los Angeles Dodgers batting - Pitching for Pittsburgh Pirates : RHP Emilio Rios
Pitching: RHP Dana House
Batting: RHB John Spohn 0-0: Called Strike
0-1: Ball
1-1: SINGLE (Groundball, 3D, EV 109.4 MPH)
Batting: RHB Luis Lozada 0-0: Called Strike
0-1: Ball
1-1: Fly out, F4 (Popup, 4MD, EV 61.9 MPH)
Batting: RHB Bryan Uplinger 0-0: Called Strike
0-1: Called Strike
John Spohn steals 2nd base (no throw)
0-2: Ball
1-2: Strikes out swinging
Batting: RHB Dan Boyd 0-0: Swinging Strike
0-1: Foul Ball, location: 2F
0-2: Ball
1-2: Ball
Wild Pitch!
John Spohn to third
2-2: Ground out 4-3 (Groundball, 4, EV 98.8 MPH)
Top of the 8th over - 0 runs, 1 hit, 0 errors, 1 left on base; Los Angeles 6 - Pittsburgh 4
BOTTOM OF THE 8TH
Pittsburgh Pirates batting - Pitching for Los Angeles Dodgers : LHP Alex Alcerro
Pitching: RHP Kyle McLelland
Batting: SHB Nick Stiles 0-0: Ball
1-0: Called Strike
1-1: Foul Ball, location: 3F
1-2: Ball
2-2: Fly out, F7 (Line Drive, 7, EV 89.4 MPH)
Batting: RHB Randy Wilson 0-0: Ball
1-0: Ball
2-0: Foul Ball, location: 25F
2-1: Foul Ball, location: 9LSF
2-2: Ball
3-2: Foul Ball, location: 23FF
3-2: Fly out, F6 (Line Drive, 56D, EV 78.1 MPH)
Batting: RHB Zachary Gugliotta 0-0: Called Strike
0-1: Ball
1-1: Swinging Strike
1-2: Ball
2-2: Strikes out swinging
Bottom of the 8th over - 0 runs, 0 hits, 0 errors, 0 left on base; Los Angeles 6 - Pittsburgh 4
TOP OF THE 9TH
Los Angeles Dodgers batting - Pitching for Pittsburgh Pirates : RHP Dana House
Batting: RHB Rodolfo Navarro 0-0: Foul Ball, location: 2RF
0-1: Swinging Strike
0-2: Strikes out swinging
Batting: LHB Jose Camacho 0-0: Ball
1-0: Fly out, F9 (Flyball, 89S, EV 85.6 MPH)
Batting: LHB Eddy Miramontes 0-0: Swinging Strike
0-1: Ball
1-1: Foul Ball, location: 9LMF
1-2: Ball
2-2: Ball
3-2: Strikes out swinging
Top of the 9th over - 0 runs, 0 hits, 0 errors, 0 left on base; Los Angeles 6 - Pittsburgh 4
BOTTOM OF THE 9TH
Pittsburgh Pirates batting - Pitching for Los Angeles Dodgers : RHP Kyle McLelland
Batting: SHB Jamie Hoffman 0-0: Foul Ball, location: 2F
0-1: Ball
1-1: Called Strike
1-2: Strikes out looking
Pitching: RHP J.P. Vines
Batting: RHB Nate D'Acquisto 0-0: Ball
1-0: Foul Ball, location: 23FF
1-1: Foul Ball, location: 2F
1-2: Ball
2-2: Strikes out swinging
Batting: RHB Carlos Flores 0-0: Ball
1-0: Ball
2-0: Called Strike
2-1: Called Strike
2-2: Ball
3-2: Fly out, F9 (Flyball, 89M, EV 80.0 MPH)
Bottom of the 9th over - 0 runs, 0 hits, 0 errors, 0 left on base; Los Angeles 6 - Pittsburgh 4
Sunday, April 14th , 2024 - OOTP Baseball 24.11 Build 85